 Dungeon Crawl Stone Soup version 0.19.4 (webtiles) character file.

210 empire the Skirmisher (level 5, 0/48 HPs)
             Began as a Minotaur Fighter on Feb 3, 2017.
             Succumbed to Exporg's ghost's poison
             ... on level 3 of the Dungeon.
             The game lasted 00:03:10 (1685 turns).

empire the Skirmisher (Minotaur Fighter)            Turns: 1685, Time: 00:03:11

Health: 0/48       AC:  7    Str: 22    XL:     5   Next: 56%
Magic:  4/4        EV: 12    Int:  5    God:
Gold:   91         SH: 10    Dex: 14    Spells: 0 memorised, 4 levels left

rFire  . . .     SeeInvis .     a - +0 long sword
rCold  . . .     Gourm    .     b - +0 scale mail
rNeg   . . .     Faith    .     c - +0 shield
rPois  .         Spirit   .     (helmet restricted)
rElec  .         Reflect  .     (no cloak)
rCorr  .         Harm     .     (no gloves)
MR     .....                    (no boots)
Stlth  +.........               (no amulet)
                                (no ring)
                                (no ring)

@: agile, lethally poisoned (0 -> -49)
A: retaliatory headbutt, horns 2
a: no special abilities


You were on level 3 of the Dungeon.
You were hungry.

You visited 1 branch of the dungeon, and saw 3 of its levels.

You collected 91 gold pieces.

Inventory:

Hand Weapons
 a - a +0 long sword (weapon)
Armour
 b - a +0 scale mail (worn)
 c - a +0 shield (worn)
Wands
 n - a wand of polymorph (14/24)
Scrolls
 e - 2 scrolls of identify {unknown}
 h - a scroll of enchant armour {unknown}
 k - a scroll of noise {unknown}
 m - a scroll of fear {unknown}
 o - a scroll of blinking {unknown}
 q - a scroll of fog {unknown}
Potions
 d - 2 potions of might
 g - a potion of agility
 i - 4 potions of curing {unknown}
 j - a potion of magic {unknown}
 p - a potion of berserk rage {unknown}
Comestibles
 f - a bread ration
 l - a meat ration


   Skills:
 + Level 5.1 Fighting
 + Level 4.1 Long Blades
 + Level 4.5 Armour
 + Level 5.0 Shields


You had 4 spell levels left.
You didn't know any spells.

Dungeon Overview and Level Annotations

Branches:
Dungeon (3/15)

Altars:

Annotations:
D:3 Exporg's ghost, amateur MiFi


Innate Abilities, Weirdness & Mutations

You reflexively headbutt those who attack you in melee.
You have a pair of horns on your head.


Message History

You feel very sick. Exporg's ghost hits you.
You are lethally poisoned!
You hit Exporg's ghost but do no damage.
Your headbutt misses Exporg's ghost.
Exporg's ghost is heavily damaged.
You feel sick. Exporg's ghost hits you!
* * * LOW HITPOINT WARNING * * *
You are more poisoned.
You hit Exporg's ghost. You headbutt Exporg's ghost!
Exporg's ghost is severely damaged.
* * * LOW HITPOINT WARNING * * *
You feel very sick.
Exporg's ghost hits you but does no damage.
Exporg's ghost hits you!
* * * LOW HITPOINT WARNING * * *
You are more poisoned.
It was a potion of agility.
You feel agile all of a sudden.
You die...

..............
..........#..##
...............
........!....###
................
..............
#.#...........
##.
###.#....W..#
...
.......†@##.# .#
#####....# .#
#....# .# #....#
.# #....# .#
#....## .##
#.....# ...#
##.#.#..... .#.#
#.#.#.####


You could see Exporg's ghost.

Vanquished Creatures
  Natasha (thrice) (D:2)
  Terence (D:2)
  3 adders
  2 oozes (D:1)
  3 worms (D:2)
  2 leopard geckos
  5 orcs
  A ball python (D:1)
  4 giant cockroaches (D:1)
  7 goblins
  4 hobgoblins (D:1)
  9 kobolds
  A quokka (D:2)
  11 bats
  4 frilled lizards
  5 rats
65 creatures vanquished.

Notes
Turn   | Place    | Note
-------+----------+-------------------------------------------
     0 | D:1      | empire the Minotaur Fighter began the quest for the Orb.
     0 | D:1      | Reached XP level 1. HP: 19/19 MP: 0/0
   157 | D:1      | Reached XP level 2. HP: 27/27 MP: 1/1
   380 | D:1      | Reached XP level 3. HP: 31/33 MP: 2/2
   741 | D:2      | Noticed Terence
   753 | D:2      | Killed Terence
   753 | D:2      | Reached XP level 4. HP: 29/41 MP: 3/3
   895 | D:2      | Noticed Natasha
   904 | D:2      | Killed Natasha
  1057 | D:2      | Noticed Natasha
  1061 | D:2      | Killed Natasha
  1147 | D:2      | Reached XP level 5. HP: 41/47 MP: 4/4
  1393 | D:2      | Noticed Natasha
  1406 | D:2      | Killed Natasha
  1406 | D:2      | Reached skill level 5 in Fighting
  1449 | D:2      | Reached skill level 5 in Shields
  1668 | D:3      | Noticed Exporg's ghost (amateur MiFi)
  1685 | D:3      | Succumbed to Exporg's ghost's poison

Skill      XL: |  1  2  3  4  5 |
---------------+----------------+-----
Fighting       | 4 5 |  5.1
Shields        | 4 5 |  5.0
Long Blades    | 3 4 |  4.1
Armour         | 4 |  4.5

Action                   |  1- 3 |  4- 6 || total
-------------------------+-------+-------++-------
Melee: Long sword        |    68 |    75 ||   143
       Headbutt          |    14 |    14 ||    28
  Use: Potion            |       |     1 ||     1
  Eat: Chunk             |       |     2 ||     2
Armor: Scale mail        |    33 |    35 ||    68
Dodge: Dodged            |    21 |    32 ||    53
Block: Shield            |    39 |    50 ||    89
       Rpst.: Long sword |     2 |     9 ||    11
